 Dungeon Crawl Stone Soup version 0.21.1-1-g345015f (webtiles) character file.

2676 xccam the Basher (level 9, -1/78 HPs)
             Began as a Minotaur Berserker on Feb 13, 2018.
             Was a High Priest of Trog.
             Slain by an orc warrior
             ... wielding a +0 trident
              (17 damage)
             ... on level 7 of the Dungeon.
             The game lasted 00:12:16 (5560 turns).

xccam the Basher (Minotaur Berserker)               Turns: 5560, Time: 00:12:17

Health: -1/78      AC:  8    Str: 22    XL:     9   Next: 37%
Magic:  8/8        EV: 12    Int:  5    God:    Trog [*****.]
Gold:   312        SH:  0    Dex: 12    Spells: 8/8 levels left

rFire    . . .     SeeInvis .   t - +0 dire flail
rCold    + . .     Gourm    .   (shield currently unavailable)
rNeg     . . .     Faith    .   q - +1 scale mail {MR+}
rPois    .         Spirit   .   (helmet restricted)
rElec    .         Reflect  .   (no cloak)
rCorr    .         Harm     .   (no gloves)
MR       +++..                  (no boots)
Stlth    ..........             (no amulet)
HPRegen  1.23/turn              b - ring of protection from fire
MPRegen  0.11/turn              p - ring of ice

@: lethally poisoned (-1 -> -1), regenerating
A: retaliatory headbutt, horns 2
a: Berserk, Trog's Hand, Brothers in Arms, Burn Spellbooks, Renounce Religion


You were on level 7 of the Dungeon.
You worshipped Trog.
Trog was extremely pleased with you.
You were hungry.

You visited 1 branch of the dungeon, and saw 7 of its levels.
You also visited: Sewer.

You collected 312 gold pieces.

Inventory:

Hand Weapons
 s - a +1 flail
 t - a +0 dire flail (weapon)
Armour
 q - a +1 scale mail of magic resistance (worn)
 x - a +1 plate armour
Jewellery
 b - a ring of protection from fire (left hand)
 p - a ring of ice (right hand)
 y - an uncursed ring of see invisible
Wands
 a - a wand of digging (4)
 f - a wand of polymorph (4)
 m - a wand of disintegration (12)
 r - a wand of acid (13)
Scrolls
 g - 2 scrolls of blinking
 i - a scroll of magic mapping
 j - 2 scrolls of fog
 k - a scroll of remove curse
 l - 2 scrolls of enchant weapon
Potions
 d - 7 potions of heal wounds
 e - 6 potions of curing
 h - 3 potions of agility
 n - 2 potions of brilliance
 o - 2 potions of flight
Comestibles
 c - 4 rations


   Skills:
 + Level 6.6 Fighting
 + Level 12.2 Maces & Flails
 + Level 5.9 Armour
 + Level 5.4 Dodging


You had 8 spell levels left.
You didn't know any spells.

Dungeon Overview and Level Annotations

Branches:
Dungeon (7/15)             Temple (0/1) D:7

Altars:
Ashenzari
Hepliaklqana

Annotations:
D:5 2 transporters


Innate Abilities, Weirdness & Mutations

You reflexively headbutt those who attack you in melee.
You have a pair of horns on your head.


Message History

The orc warrior is heavily wounded.
The worker ant misses you. The orc warrior closely misses you.
Unknown command.
You hit the orc warrior.
The orc warrior is severely wounded.
The orc priest barely misses you.
The worker ant bites you but does no damage.
Unknown command.
You hit the orc warrior.
The orc warrior is almost dead.
The orc warrior hits you with a trident!
* * * LOW HITPOINT WARNING * * *
The orc priest barely misses you.
The worker ant bites you but does no damage.
Unknown command.
You closely miss the orc warrior.
The orc warrior is almost dead.
You feel sick.
The orc warrior hits you with a trident!
You die...

........#.# ........#.#####
........#...... ###
............... ..#
............... ..#
............... )##### ..#
#...aoo...... .....## ..#
#....@....#### #.#...# ..#
#............# #.#...# ..#
#....)...###.###.#.... ..#
#........#...##......# ..#
###........###.##....†..
#########..#####..[........#.#..#
......<...# #.##.............#
..........# ###.##.##...#...#..#
..........# #...##.#..#.#......#


You could see an orc warrior, a worker ant and an orc priest.

Vanquished Creatures
  Menkaure (D:5)
  2 orc warriors (D:6)
  An ice beast (D:5)
  A phantom (D:7)
  A sky beast (D:7)
  3 ogres
  5 big kobolds
  Blork the orc (D:6)
  2 bullfrogs
  9 wights
  2 howler monkeys
  A crimson imp (D:7)
  2 jellies
  4 hounds
  4 orc priests
  2 bullfrog skeletons
  2 iguanas
  3 orc wizards
  3 worker ants (D:6)
  A hound zombie (D:7)
  3 gnolls (D:7)
  9 adders
  A shadow imp (D:5)
  4 oozes
  3 worms
  2 dart slugs (D:3)
  6 leopard geckos
  15 orcs
  7 giant cockroaches
  11 goblins
  15 hobgoblins
  5 jackals
  24 kobolds
  2 quokkas (D:7)
  2 ball pythons (Sewer)
  A ball python skeleton (D:4)
  6 bats
  7 frilled lizards
  A quokka skeleton (D:4)
  A quokka zombie (D:6)
  16 rats
191 creatures vanquished.

Notes
Turn   | Place    | Note
-------+----------+-------------------------------------------
     0 | D:1      | xccam the Minotaur Berserker began the quest for the Orb.
     0 | D:1      | Reached XP level 1. HP: 19/19 MP: 0/0
    34 | D:1      | Reached skill level 4 in Maces & Flails
    75 | D:1      | Reached XP level 2. HP: 20/26 MP: 1/1
   333 | D:1      | Reached ** piety under Trog
   334 | D:1      | Reached skill level 5 in Maces & Flails
   417 | D:1      | Reached XP level 3. HP: 24/31 MP: 2/2
   785 | D:2      | Found a hazy altar of Hepliaklqana.
   809 | D:2      | You fall through a shaft for 2 floors!
   822 | D:4      | Reached skill level 6 in Maces & Flails
   822 | D:4      | Reached XP level 4. HP: 36/39 MP: 3/3
   830 | D:4      | Noticed an ogre
  1100 | D:3      | Reached skill level 7 in Maces & Flails
  1100 | D:3      | Reached XP level 5. HP: 38/45 MP: 4/4
  1386 | D:3      | Found a glowing drain.
  1390 | Sewer    | Entered a sewer
  1465 | Sewer    | Reached *** piety under Trog
  1480 | Sewer    | Reached skill level 8 in Maces & Flails
  1480 | Sewer    | Reached XP level 6. HP: 45/51 MP: 5/5
  1533 | Sewer    | Reached skill level 9 in Maces & Flails
  2549 | D:4      | Reached XP level 7. HP: 55/57 MP: 6/6
  2637 | D:4      | Reached skill level 10 in Maces & Flails
  2893 | D:4      | Found a shattered altar of Ashenzari.
  3071 | D:5      | Entered Level 5 of the Dungeon
  3109 | D:5      | Noticed Menkaure
  3111 | D:5      | Killed Menkaure
  3128 | D:5      | Reached skill level 11 in Maces & Flails
  3399 | D:5      | Found a transporter.
  3415 | D:5      | Found a transporter.
  3689 | D:5      | Reached XP level 8. HP: 59/66 MP: 7/7
  4106 | D:6      | Noticed Blork the orc
  4120 | D:6      | Killed Blork the orc
  4125 | D:6      | Reached **** piety under Trog
  4350 | D:6      | Reached skill level 5 in Fighting
  4717 | D:6      | Reached skill level 5 in Armour
  5122 | D:7      | Reached XP level 9. HP: 75/75 MP: 8/8
  5149 | D:7      | Reached skill level 12 in Maces & Flails
  5206 | D:7      | Found a staircase to the Ecumenical Temple.
  5231 | D:7      | Reached skill level 5 in Dodging
  5233 | D:7      | Reached ***** piety under Trog
  5560 | D:7      | Slain by an orc warrior

Skill      XL: |  1  2  3  4  5  6  7  8  9 |
---------------+----------------------------+-----
Maces & Flails | 4 5 6 7 8 9 11 12 | 12.2
Fighting       | 5 6 |  6.6
Armour         | 5 |  5.9
Dodging        | 4 5 |  5.4

Action                   |  1- 3 |  4- 6 |  7- 9 || total
-------------------------+-------+-------+-------++-------
Melee: Mace              |    63 |   187 |    44 ||   294
       Headbutt          |    13 |    33 |    53 ||    99
       Flail             |       |       |    76 ||    76
       Dire flail        |       |       |   125 ||   125
Invok: Trog's Hand       |       |     4 |     4 ||     8
       Berserk           |       |       |     3 ||     3
  Use: Scroll            |     1 |     6 |     7 ||    14
       Potion            |       |     6 |       ||     6
  Eat: Chunk             |       |     7 |     3 ||    10
       Ration            |       |       |     3 ||     3
Armor: Animal skin       |    12 |       |       ||    12
       Scale mail        |     8 |    87 |    63 ||   158
Dodge: Dodged            |    36 |    65 |   118 ||   219
